 Dungeon Crawl Stone Soup version 0.28.0-53-g5a82cb258f (webtiles) character file.

Game seed: 5911660614783289452

12 SanguineChosen the Skirmisher (level 2, -1/19 HPs)
             Began as a Gargoyle Monk on June 28, 2022.
             Slain by a hobgoblin (3 damage)
             ... on level 1 of the Dungeon.
             The game lasted 00:02:48 (539 turns).

SanguineChosen the Skirmisher (Gargoyle Monk)        Turns: 539, Time: 00:02:48

Health: -1/19      AC:  4    Str: 14    XL:     2   Next: 33%
Magic:  2/2        EV: 12    Int: 10    God:
Gold:   7          SH:  0    Dex: 12    Spells: 1/1 levels left

rFire   . . .      SeeInvis .   c - +2 dagger (venom)
rCold   . . .      Faith    .   (no shield)
rNeg    + . .      Spirit   .   b - +0 robe
rPois   ∞          Reflect  .   (no helmet)
rElec   +          Harm     .   (no cloak)
rCorr   .          Rampage  .   (no gloves)
Will    .....                   (no boots)
Stlth   ++........              (no amulet)
HPRegen 0.06/turn               (no ring)
MPRegen 0.08/turn               (no ring)

@: no status effects
A: sickness immunity, AC +2, negative energy resistance 1, electricity
resistance, torment resistance 1, petrification resistance
a: no special abilities


You were on level 1 of the Dungeon.
You visited 1 branch of the dungeon, and saw 1 of its levels.

You collected 7 gold pieces.

Inventory:

Hand Weapons
 a - a +0 mace
 c - a +2 dagger of venom (weapon)
Armour
 b - a +0 robe (worn)


   Skills:
 * Level 3.6 Fighting
 + Level 3.1 Maces & Flails
 * Level 0.9 Armour
 + Level 2.5 Dodging
 + Level 2.2 Stealth


You had one spell level left.
You didn't know any spells.
Your spell library contained the following spells:

 Spells                   Type           Power      Damage    Failure   Level
 Pain                     Necr           0%         1d4       36%         1
 Agony                    Necr           0%         N/A       100%        5
 Excruciating Wounds      Necr           0%         N/A       100%        5


Dungeon Overview and Level Annotations

Branches:
Dungeon (1/15)

Altars:


Innate Abilities, Weirdness & Mutations

You are immune to sickness and miasma.
Your stone body is resilient. (AC +2)
You are immune to poison.
You resist negative energy. (rN+)
You are resistant to electric shocks. (rElec)
You are resistant to unholy torment.
You are immune to petrification.


Message History

Things that are here:
a +0 dagger; 5 stones; a kobold corpse A frilled lizard comes into view.
The frilled lizard closely misses you.
You hit the frilled lizard.
You kill the frilled lizard!
You see here a frilled lizard corpse.
A kobold comes into view. It is wielding a +0 short sword.
Found an escape hatch in the floor.
The kobold shouts!
The kobold moves out of view.
The kobold throws a stone.
The stone completely misses you.
A hobgoblin comes into view.
The kobold hits you with a +0 short sword.
You closely miss the kobold.
The hobgoblin shouts!
The kobold hits you with a +0 short sword.
You closely miss the kobold. Your punch misses the kobold.
The kobold barely misses you.
You barely miss the kobold.
The kobold hits you with a +0 short sword.
You barely miss the kobold. The hobgoblin hits you.
The kobold hits you with a +0 short sword.
You closely miss the kobold. The hobgoblin hits you.
The kobold hits you with a +0 short sword.
You are too injured to fight recklessly!
You hit the hobgoblin.
The hobgoblin is poisoned.
The hobgoblin is moderately wounded.
The hobgoblin hits you.
* * * LOW HITPOINT WARNING * * *
The kobold misses you.
As you read the scroll labelled CUWKOI YLUVOA, it crumbles to dust.
It is a scroll of identify.
You don't have any unidentified items.
The hobgoblin hits you but does no damage.
The kobold hits you with a +0 short sword.
* * * LOW HITPOINT WARNING * * *
You hit the kobold but do no damage.
The kobold is poisoned.
The hobgoblin hits you.
You die...

#.####.#.....#
#.##.....
#.#....#....#.####.#
...##
#...######.###.. .#.
#.#....#....#.#### #
#.####.#......... .
#......#.....# ..
######...†...# #.##
#######.###....##
#..@K.....#
##..g......
#......>.#
##.##...## #.# #.##
#.. .# #### #


You could see a hobgoblin (very poisoned) and a kobold (very poisoned).

Vanquished Creatures
  2 ball pythons (D:1)
  A goblin (D:1)
  A hobgoblin (D:1)
  2 kobolds (D:1)
  A quokka (D:1)
  3 frilled lizards (D:1)
  2 rats (D:1)
12 creatures vanquished.

Notes
Turn   | Place    | Note
-------+----------+-------------------------------------------
     0 | D:1      | SanguineChosen the Gargoyle Monk began the quest for the
                  | Orb.
     0 | D:1      | Reached XP level 1. HP: 14/14 MP: 1/1
    65 | D:1      | Reached XP level 2. HP: 9/19 MP: 2/2
   539 | D:1      | Slain by a hobgoblin

Illustrated notes

Levels and vault maps discovered:
D:1:      wander_arrival_fairy_ring, layout_loops_ring,
          shapermc_ecumenical_altar_starsandcircs

Action                   || total
-------------------------++-------
Melee: Mace              ||     7
       Dagger            ||    22
       Punch             ||     1
  Use: Scroll            ||     1
Armor: Robe              ||     6
Dodge: Dodged            ||    11
